 Dungeon Crawl Stone Soup version 0.29.0-11-gd7f09526c8 (webtiles) character file.

Game seed: 12293389635241771869

42 NinjaNoafa the Grave Robber (level 3, -2/25 HPs)
             Began as a Gnoll Wanderer on Sept 4, 2022.
             Slain by Robin
             ... wielding a +0 club
              (3 damage)
             ... on level 2 of the Dungeon.
             The game lasted 00:03:25 (1190 turns).

NinjaNoafa the Grave Robber (Gnoll Wanderer)        Turns: 1190, Time: 00:03:25

Health: -2/25      AC:  3    Str:  8    XL:     3   Next: 56%
Magic:  0/7        EV: 11    Int: 11    God:
Gold:   78         SH:  0    Dex: 16    Spells: 6/7 levels left

rFire   . . .      SeeInvis .   a - +0 falchion
rCold   . . .      Faith    .   j - orb {*channel}
rNeg    . . .      Spirit   .   e - +1 robe
rPois   .          Reflect  .   (no helmet)
rElec   .          Harm     .   (no cloak)
rCorr   .          Rampage  .   (no gloves)
Will    .....                   (no boots)
Stlth   ++........              (no amulet)
HPRegen 0.08/turn               (no ring)
MPRegen 0.10/turn               (no ring)

@: no status effects
A: fangs 1, strong nose, distributed training
a: no special abilities


You were on level 2 of the Dungeon.
You visited 1 branch of the dungeon, and saw 2 of its levels.

You collected 78 gold pieces.

Inventory:

Hand Weapons
 a - a +0 falchion (weapon)
Missiles
 b - 9 boomerangs
 f - 17 stones
Armour
 e - a +1 robe (worn)
 j - an orb of energy (worn)
Scrolls
 h - a scroll of identify
 i - a scroll of magic mapping


   Skills:
 + Level 0.9 Fighting
 + Level 0.9 Short Blades
 + Level 4.5 Long Blades
 + Level 0.9 Axes
 + Level 0.9 Maces & Flails
 + Level 0.9 Polearms
 + Level 0.9 Staves
 + Level 0.9 Ranged Weapons
 + Level 4.5 Throwing
 + Level 2.6 Armour
 + Level 0.9 Dodging
 + Level 0.9 Stealth
 + Level 0.9 Shields
 + Level 0.9 Unarmed Combat
 + Level 2.8 Spellcasting
 + Level 0.6 Conjurations
 + Level 0.6 Hexes
 + Level 0.6 Summonings
 + Level 7.1 Necromancy
 + Level 0.6 Translocations
 + Level 0.6 Transmutations
 + Level 0.6 Fire Magic
 + Level 0.6 Ice Magic
 + Level 0.6 Air Magic
 + Level 0.6 Earth Magic
 + Level 0.6 Poison Magic
 + Level 1.0 Invocations
 + Level 0.9 Evocations


You had 6 spell levels left.
You knew the following spells:

 Your Spells              Type           Power      Damage    Failure   Level
a - Necrotise             Necr           68%        1d7       1%          1

Your spell library contained the following spells:

 Spells                   Type           Power      Damage    Failure   Level
 Anguish                  Hex/Necr       5%         N/A       47%         4
 Corpse Rot               Necr/Pois/Air  7%         N/A       63%         4


Dungeon Overview and Level Annotations

Branches:
Dungeon (2/15)

Altars:

Annotations:
D:2 Robin


Innate Abilities, Weirdness & Mutations

You have very sharp teeth.
Your uncanny sense of smell can sniff out nearby items.
Your experience applies equally to all skills.


Message History

You kill the kobold!
f - 17 stones (gained 2)
Things that are here:
a +0 dagger; a +0 dagger; a kobold corpse
Casting: Necrotise (safe; 1% risk of failure)
Confirm with . or Enter, or press ? or * to list all spells.
Aiming: Necrotise (safe; 1% risk of failure)
Press: ? - help, Shift-Dir - straight line, f - Robin
Aim: Robin, wielding a +0 club, wearing a +0 animal skin and wearing a +0 helmet (ally target, chance to affect: 81%) Robin writhes in agony.
Casting: Necrotise (safe; 1% risk of failure)
Confirm with . or Enter, or press ? or * to list all spells.
Aiming: Necrotise (safe; 1% risk of failure)
Press: ? - help, Shift-Dir - straight line, f/p - Robin
Aim: Robin, wielding a +0 club, wearing a +0 animal skin and wearing a +0 helmet (lightly wounded, ally target, chance to affect: 81%) Robin writhes in agony.
You hit Robin but do no damage. Your bite misses Robin.
Robin is heavily wounded.
Robin hits you with a +0 club.
* * * LOW HITPOINT WARNING * * *
Your goblin skeleton barely misses Robin.
What are your orders? t - Bark!
Orders for allies: a - Attack new target. p - Attack previous target. r - Retreat! s - Stop attacking. g - Guard the area. f - Follow me.
Anything else - Cancel.
Gang up on whom?
Press: ? - help, Dir - move target, f/p - Robin
Aim: Robin, wielding a +0 club, wearing a +0 animal skin and wearing a +0 helmet (heavily wounded, ally target) Attack!
Robin hits you with a +0 club.
* * * LOW HITPOINT WARNING * * *
Your goblin skeleton hits Robin but does no damage.
You barely miss Robin. You bite Robin, but do no damage.
Robin is heavily wounded.
Robin hits you with a +0 club.
* * * LOW HITPOINT WARNING * * *
Your goblin skeleton hits Robin.
Robin attacks as you move away! Robin hits you with a +0 club.
You die...

...# # .<.. .### ###
#.... ...#########..
... ... #.. ..>.... .
..# ... #.##.Z.###.#
#.# #..##.#
##..@g.....# #.#
..gg..)###.........##
#.# #)#.###..>##.#
#.# ##).###...##.#
#<# ∆ ###).).....##.#
#.# #....###..###.#
#.## #.#.## #....#.#
#..# .....# #.##.#.#
##.# ...#.###
#.##.#.# #.#


You could see Robin (ally target) and a friendly goblin skeleton.

Vanquished Creatures
  A bat (D:1)
  3 endoplasms (D:1)
  3 giant cockroaches (D:1)
  15 goblins
  3 hobgoblins
  5 kobolds
  4 ball pythons
  A frilled lizard (D:2)
  A rat (D:1)
36 creatures vanquished.

Notes
Turn   | Place    | Note
-------+----------+-------------------------------------------
     0 | D:1      | NinjaNoafa the Gnoll Wanderer began the quest for the Orb.
     0 | D:1      | NinjaNoafa set off with the following items: a +0 falchion,
                  | 9 boomerangs, a +0 dagger, a scroll of fear, a +0 robe; and
                  | the following spell memorised: Necrotise; and the following
                  | spells available to memorise: Anguish, Corpse Rot.
     0 | D:1      | Reached XP level 1. HP: 13/13 MP: 4/4
   190 | D:1      | Reached XP level 2. HP: 18/19 MP: 5/5
   943 | D:1      | Reached XP level 3. HP: 25/25 MP: 5/7
  1130 | D:2      | Reached skill level 1 in Invocations
  1136 | D:2      | Noticed Robin
  1189 | D:2      | HP: 1/25 [Robin/+0 club (3)]
  1190 | D:2      | Slain by Robin

Illustrated notes

Levels and vault maps discovered:
D:1:      beargit_arrival_greenhouse, layout_basic, st_stairs_10
D:2:      layout_loops_ring, basic_altar, basic_ecumenical_altar, dk_vineyard_1,
          uniq_robin

Skill      XL: |  1  2  3 |
---------------+----------+-----
Invocations    | 1 |  1.0
Fighting       | |  0.9
Short Blades   | |  0.9
Long Blades    | |  4.5
Axes           | |  0.9
Maces & Flails | |  0.9
Polearms       | |  0.9
Staves         | |  0.9
Ranged Weapons | |  0.9
Throwing       | |  4.5
Armour         | |  2.6
Dodging        | |  0.9
Stealth        | |  0.9
Shields        | |  0.9
Unarmed Combat | |  0.9
Spellcasting   | |  2.8
Conjurations   | |  0.6
Hexes          | |  0.6
Summonings     | |  0.6
Necromancy     | |  7.1
Translocations | |  0.6
Transmutations | |  0.6
Fire Magic     | |  0.6
Ice Magic      | |  0.6
Air Magic      | |  0.6
Earth Magic    | |  0.6
Poison Magic   | |  0.6
Evocations     | |  0.9

Action                   || total
-------------------------++-------
Melee: Falchion          ||    59
       Bite              ||     8
 Cast: Necrotise         ||    21
  Use: Scroll            ||     3
       Potion            ||     2
 Stab: Sleeping          ||     4
Armor: Robe              ||    18
Dodge: Dodged            ||    30
